Map: Blueshift LE

Players

Lamp

  • Race: Zerg Zerg
  • League: Master
  • Spawn Location: 1:00

WinterSC - Winner!

  • Race: Terran Terran
  • League: Master
  • Spawn Location: 7:00

VOD

Have the link to the VOD?

Description

Time

  • Played on: Jan. 12, 2019, 9:06 p.m.
  • Length: 10:02
Show
View Real Time Build Order
Export as new Build Order

Lamp Zerg 

Build Orders: Hatch First 

Get SALT Encoding   

  12  0:01  Drone  
  13  0:13  Overlord  
  13  0:17  Drone  
  14  0:31  Drone x2  
  16  0:50  Hatchery  
  16  0:53  Drone  
  16  0:56  Drone  
  17  1:00  Drone  
  18  1:10  Extractor  
  17  1:14  Spawning Pool  
  17  1:18  Drone  
  17  1:23  Drone  
  18  1:28  Drone  
  19  1:39  Drone  
  20  1:49  Drone  
  21  2:03  Queen x2  
  21  2:04  Zergling x4  
  27  2:18  Hatchery  
  27  2:22  Overlord  
  26  2:29  Metabolic Boost  
  26  2:30  Drone  
  26  2:33  Drone  
  28  2:41  Drone  
  28  2:42  Drone  
  28  2:44  Drone  
  31  2:51  Drone  
  32  2:53  Overlord  
  32  2:58  Queen  
  34  3:03  Pneumatized Carapace  
  34  3:08  Drone x2  
  36  3:23  Drone x2  
  36  3:26  Drone  
  39  3:29  Overlord x2  
  39  3:31  Queen  
  41  3:54  Drone x4  
  45  3:58  Drone  
  45  3:59  Drone  
  45  4:00  Zergling x2  
  45  4:01  Zergling x10  
  52  4:12  Queen  
  54  4:24  Spore Crawler  
  54  4:25  Lair  
  54  4:26  Queen  
  54  4:27  Spore Crawler  
  54  4:29  Spore Crawler  
  52  4:41  Drone  
  52  4:42  Drone  
  52  4:43  Drone x4  
  52  4:45  Overlord x4  
  58  4:52  Extractor  
  57  4:54  Spore Crawler  
  57  4:55  Spore Crawler  
  57  4:57  Queen  
  57  4:58  Spore Crawler  
  56  5:07  Queen  
  56  5:09  Drone x3  
  61  5:21  Drone  
  61  5:22  Drone x6  
  68  5:34  Baneling Nest  
  67  5:40  Spore Crawler  
  58  5:54  Drone  
  58  5:55  Drone x11  
  62  6:06  Drone x3, Extractor, Spire  
  62  6:07  Extractor  
  62  6:24  Drone x2  
  61  6:36  Drone x9  
  62  6:40  Drone  
  61  6:52  Drone x5  
  63  7:03  Drone x5  
  68  7:09  Zergling x4  
  70  7:20  Extractor  
  70  7:21  Extractor  
  59  7:34  Hatchery  
  57  7:38  Drone x6  
  57  7:39  Drone x3  
  57  7:40  Zerg Flyer Weapons Level 1  
  66  7:46  Mutalisk x3  
  66  7:47  Mutalisk  
  71  7:59  Mutalisk x4  
  71  8:03  Zergling x2  
  78  8:13  Mutalisk x2  
  78  8:16  Drone x3  
  80  8:22  Overlord  
  80  8:23  Overlord x2  
  78  8:34  Drone x4  
  79  8:36  Overlord  
  79  8:37  Overlord x3  
  79  8:40  Mutalisk  
  84  8:47  Corruptor  
  84  8:55  Drone x3  
  84  8:58  Baneling x2  
  84  8:59  Zergling x12  
  91  9:05  Mutalisk x2  
  91  9:06  Mutalisk  
  97  9:11  Infestation Pit  
  97  9:14  Zergling x2  
  97  9:15  Zergling x6  
  87  9:35  Zergling x14  
  98  9:41  Baneling  
  98  9:42  Baneling x9  
Show
View Real Time Build Order
Export as new Build Order

WinterSC Terran - Winner!

Build Orders: Gas First Reaper Expand 

Get SALT Encoding   

  12  0:02  SCV  
  13  0:14  SCV  
  13  0:20  Supply Depot  
  14  0:26  SCV  
  15  0:28  Refinery  
  15  0:41  SCV  
  16  0:45  Barracks  
  16  0:53  SCV  
  17  1:06  SCV  
  18  1:18  SCV  
  19  1:32  Orbital Command  
  19  1:34  Reaper  
  20  1:47  Command Center  
  20  1:59  SCV  
  21  2:02  Factory  
  21  2:09  Barracks Reactor  
  21  2:11  SCV  
  21  2:14  Refinery  
  22  2:21  Supply Depot  
  22  2:23  SCV  
  23  2:42  SCV  
  24  2:50  Starport  
  24  2:54  SCV  
  24  2:57  Barracks Tech Lab  
  29  2:58  Hellion x2  
  29  3:02  Orbital Command  
  29  3:10  SCV  
  30  3:22  SCV  
  30  3:25  Hellion x2  
  35  3:35  SCV  
  35  3:38  Viking  
  35  3:39  Fusion Core  
  35  3:40  SCV  
  39  3:48  Refinery  
  39  3:49  SCV  
  39  3:54  Supply Depot  
  40  3:59  SCV  
  40  4:01  SCV  
  40  4:02  Supply Depot  
  42  4:03  Weapon Refit  
  42  4:11  SCV  
  42  4:16  SCV  
  44  4:24  SCV  
  45  4:26  Supply Depot  
  45  4:27  Battlecruiser  
  53  4:31  Hellion  
  53  4:33  SCV  
  54  4:40  SCV  
  54  4:44  Armory  
  55  4:48  SCV  
  55  4:49  Supply Depot  
  57  4:52  SCV  
  57  5:01  SCV  
  58  5:08  SCV  
  58  5:13  Command Center  
  59  5:14  SCV  
  59  5:18  Hellion  
  62  5:29  SCV  
  62  5:32  Battlecruiser  
  67  5:47  Hellion x2  
  71  5:52  SCV  
  64  5:58  SCV  
  62  6:04  SCV  
  62  6:05  Refinery  
  62  6:08  Hellion, Factory x2  
  62  6:09  Hellion  
  62  6:10  SCV  
  68  6:11  Terran Vehicle And Ship Armor Level 1  
  68  6:19  SCV  
  68  6:22  SCV  
  70  6:30  Hellion x2  
  70  6:31  SCV  
  73  6:45  SCV  
  73  6:46  SCV, Orbital Command  
  71  6:48  Battlecruiser  
  77  6:57  SCV  
  77  6:58  SCV  
  77  7:00  Factory Tech Lab x2  
  79  7:09  SCV  
  79  7:11  SCV  
  79  7:14  Mag-Field Accelerator  
  81  7:17  Orbital Command  
  81  7:21  SCV  
  82  7:26  Supply Depot  
  82  7:27  Refinery  
  78  7:30  Refinery  
  78  7:33  Supply Depot  
  78  7:35  SCV x2, Cyclone x2  
  78  7:36  Infernal Pre-Igniter  
  82  7:37  Hellion  
  82  7:38  Hellion  
  82  7:43  SCV  
  87  7:47  SCV x2  
  87  7:48  Engineering Bay  
  89  7:55  SCV  
  90  7:59  SCV x2, Hellion  
  94  8:07  SCV, Cyclone  
  98  8:14  SCV x2  
  98  8:17  Cyclone  
  98  8:18  Widow Mine  
  98  8:19  SCV  
  106  8:20  Widow Mine  
  106  8:23  Missile Turret  
  106  8:25  Missile Turret x2  
  106  8:26  SCV  
  109  8:33  Missile Turret  
  109  8:34  Missile Turret  
  109  8:35  Factory x2  
  109  8:44  Missile Turret  
  109  8:58  SCV x3, Cyclone, Hellion  
  109  8:59  Supply Depot  
  117  9:08  Missile Turret  
  117  9:13  Supply Depot x2, SCV  
  117  9:15  Hellion  
  117  9:16  Hellion  
  122  9:20  Hellion  
  124  9:36  Factory Tech Lab  
  124  9:37  Factory Tech Lab  
  122  9:38  SCV  
  122  9:39  Factory x2  
  122  9:41  Command Center  
  122  9:45  SCV  
Tags
 
Add a new tag
Caveats
  • Supply blocks, unpowered buildings, or Contaminate may cause inaccurate times.
  • Supply counts are checked every 10 seconds.